 Dungeon Crawl Stone Soup version 0.25-a0-35-g747a2b3c0c (webtiles) character file.

Game seed: 15048833597216212941, levelgen mode: deterministic

59 Chiseanne the Magician (level 3, 24/24 HPs)
             Began as a Demonspawn Wizard on Oct 19, 2019.
             Quit the game on level 2 of the Dungeon.
             The game lasted 00:02:40 (1758 turns).

Chiseanne the Magician (Demonspawn Wizard)          Turns: 1758, Time: 00:02:40

Health: 24/24      AC:  2    Str:  7    XL:     3   Next: 78%
Magic:  0/8        EV: 12    Int: 20    God:
Gold:   22         SH:  0    Dex: 11    Spells: 6/9 levels left

rFire    . . .     SeeInvis .   c - +0 whip
rCold    . . .     Gourm    .   (no shield)
rNeg     . . .     Faith    .   a - +0 robe
rPois    .         Spirit   .   b - +0 hat
rElec    .         Reflect  .   (no cloak)
rCorr    .         Harm     .   (no gloves)
MR       .....                  (no boots)
Stlth    ++........             (no amulet)
HPRegen  1.08/turn              (no ring)
MPRegen  0.11/turn              (no ring)

@: no status effects
A: horns 1, powered by death 1
a: no special abilities


You were on level 2 of the Dungeon.
You were not hungry.

You visited 1 branch of the dungeon, and saw 2 of its levels.

You collected 22 gold pieces.

Inventory:

Hand Weapons
 c - a +0 whip (weapon)
 e - a +0 hunting sling
 h - a +0 club
Missiles
 f - 8 stones
 i - 12 sling bullets
 r - 6 boomerangs (quivered)
Armour
 a - a +0 robe (worn)
 b - a +0 hat (worn)
Jewellery
 n - an uncursed ring of stealth {unknown}
Scrolls
 g - 2 scrolls of teleportation {unknown}
 j - a scroll of remove curse {unknown}
 m - a scroll of identify {unknown}
Potions
 k - a potion of degeneration {unknown}
 l - a potion of agility {unknown}
 o - a potion of haste {unknown}
 q - a potion of curing {unknown}
Comestibles
 d - 6 rations
 p - 2 chunks of flesh


   Skills:
 - Level 1.7 Dodging
 - Level 1.7 Stealth
 * Level 3.8 Spellcasting
 * Level 2.6 Conjurations
   Level 1.0 Summonings
 - Level 0.8 Translocations


You had 6 spell levels left.
You knew the following spells:

 Your Spells              Type           Power        Failure   Level  Hunger
a - Magic Dart            Conj           ##..         4%          1    None
b - Blink                 Tloc           N/A          14%         2    ##.....

Your spell library contained the following spells:

 Spells                   Type           Power        Failure   Level  Hunger
 Call Imp                 Summ           #.......     13%         2    ##.....
 Slow                     Hex            #.......     21%         2    ##.....
 Conjure Flame            Conj/Fire      #.......     22%         3    ###....
 Mephitic Cloud           Conj/Pois/Air  #.......     26%         3    ###....


Dungeon Overview and Level Annotations

Branches:
Dungeon (2/15)

Altars:


Innate Abilities, Weirdness & Mutations

You have a pair of small horns on your head.
You regenerate a little health from kills.


Message History

You kill Robin!
Casting: Magic Dart (safe; 4% risk of failure)
Confirm with . or Enter, or press ? or * to list all spells.
You don't have enough magic to cast that spell.
Casting: Magic Dart (safe; 4% risk of failure)
Confirm with . or Enter, or press ? or * to list all spells.
You don't have enough magic to cast that spell.
Unknown command.
Items here: ) [[ † a +0 short sword; a +0 animal skin the +1 helmet of the Lotus Blossom {rElec rPois Int+4 Slay-4} the hobgoblin corpse of Robin You butcher the hobgoblin corpse of Robin.
p - 2 chunks of flesh (gained 1)
Items here: ) [[ ÷ a +0 short sword; a +0 animal skin the +1 helmet of the Lotus Blossom {rElec rPois Int+4 Slay-4} the hobgoblin skeleton of Robin
Okay, then.
Are you sure you want to abandon this character and quit the game? (Confirm with "yes".)

...÷..###.#
#.# ......#
#.# #.#
......# #g#
#.# ......#
#.# #.#
####### #.#
#.# #.# #.#
#.# #.#
#.##########
#<#
#.......@..#
#.#
##########.#
#.# #.# #.#
#.#######.#
#.........#
#.#########
###


There were no monsters in sight!

Vanquished Creatures
  Robin (D:2)
  An adder (D:2)
  An ooze (D:1)
  A dart slug (D:1)
  A leopard gecko (D:1)
  9 goblins
  5 hobgoblins
  2 jackals (D:2)
  A frilled lizard (D:1)
  4 kobolds (D:1)
  4 rats (D:1)
30 creatures vanquished.

Notes
Turn   | Place    | Note
-------+----------+-------------------------------------------
     0 | D:1      | Chiseanne the Demonspawn Wizard began the quest for the
                  | Orb.
     0 | D:1      | Reached XP level 1. HP: 13/13 MP: 4/4
   423 | D:1      | Gained mutation: You regenerate a little health from kills.
                  | [demonic ancestry]
   423 | D:1      | Reached XP level 2. HP: 2/19 MP: 0/6
  1081 | D:1      | Learned a level 2 spell: Blink
  1575 | D:2      | Gained mutation: You have a pair of small horns on your
                  | head. [demonic ancestry]
  1575 | D:2      | Reached XP level 3. HP: 24/24 MP: 2/8
  1692 | D:2      | Identified the +1 helmet of the Lotus Blossom {rElec rPois
                  | Int+4 Slay-4}
  1692 | D:2      | Noticed Robin
  1754 | D:2      | Killed Robin
  1758 | D:2      | Quit the game

Levels and vault maps discovered:
D:1:      ncdulo_lavacross, layout_basic, dk_noncrumbling_2, kennysheep_boxes
D:2:      layout_basic, uniq_robin

Skill      XL: |  1  2 |
---------------+-------+-----
Conjurations   | 2 |  2.6
Dodging        | |  1.7
Stealth        | |  1.7
Spellcasting   | |  3.8
Summonings     | |  1.0
Translocations | |  0.8

Action                   || total
-------------------------++-------
Melee: Whip              ||    22
       Headbutt          ||     3
Throw: Boomerang         ||     3
 Cast: Magic Dart        ||    60
  Eat: Chunk             ||     2
Armor: Robe              ||     2
Dodge: Dodged            ||    21

Table legend:
 A = Non-vault XP
 B = Vault XP
 C = Vault XP percentage of total XP
 D = Non-vault monster count
 E = Vault monster count
 F = Vault count percentage of total count
                 A         B        C        D         E       F
            +---------+---------+-------+---------+---------+-------
      Total |      54 |      31 |  36.5 |      21 |       9 |  30.0
            +---------+---------+-------+---------+---------+-------
        D:1 |      36 |       0 |   0.0 |      18 |       0 |   0.0
        D:2 |      18 |      31 |  63.3 |       3 |       9 |  75.0
            +---------+---------+-------+---------+---------+-------
